[Event "5e festival international d'échecs d'A"]
[Site "Allauch, France"]
[Date "2023.08.28"]
[Round "1.2"]
[White "Moncamp, Gilles"]
[Black "Tramarin, Matteo"]
[Result "1-0"]
[WhiteElo "2103"]
[BlackElo "1638"]
[PlyCount "79"]
[EventDate "2023.??.??"]
[TimeControl "1"]

1. e4 c5 2. Nf3 Nc6 3. Nc3 g6 4. h4 h5 5. Bc4 Bg7 6. d3 e6 7. Bf4 a6 8. Qe2 Nge7 9. Qe3 Nd4 10. Bb3 b6 11. Bd6 Bb7 12. Qf4 Nc8 13.
Be5 Nxf3+ 14. gxf3 Bh6 15. Qg3 Rg8 16. Ne2 d6 17. Bf4 Bxf4 18.
Nxf4 Qf6 19. O-O-O Ne7 20. Nh3 O-O-O 21. Ng5 Nc6 22. c3 b5 23. Rhe1 Rd7 24. f4 d5 25. Kb1 a5 26. exd5 exd5 27. Qh3 Ne7 28.
Re5 Nf5 29. Rde1 Kd8 30. Bc2 Nd6 31. Qe3 Rc7 32. d4 c4 33.
Bd1 Bc6 34. Bf3 Nf5 35. Qe2 Qd6 36. Bxd5 Bxd5 37. Re8+ Kd7 38. Rxg8 Qxf4 39. Qe8+ Kd6 40. Qxb5 1-0

[Event "5e festival international d'échecs d'A"]
[Site "Allauch, France"]
[Date "2023.08.28"]
[Round "1.4"]
[White "Etienne, Benjamin"]
[Black "Derige Kane, Yan"]
[Result "0-1"]
[WhiteElo "1638"]
[BlackElo "2162"]
[PlyCount "72"]
[EventDate "2023.??.??"]
[TimeControl "1"]

1. e4 c5 2. Nf3 Nc6 3. Bb5 e6 4. O-O Nge7 5. c3 a6 6. Ba4 b5 7. Bc2 Ng6 8. d4 cxd4 9. cxd4 d5 10. exd5 exd5 11. Re1+ Be7 12. Bg5 O-O 13. Bxe7 Ncxe7 14. h3 Nf5 15. a4 b4 16. a5 Qf6 17. Qd2 Nfh4 18. Nxh4 Nxh4 19. Re3 Bd7 20. Rg3 Rac8 21. Bd3 g6 22. Bf1 Rfe8 23. Re3 Re7 24. Re6 Rxe6 25. Qe3 Ree8 26. Qd2 Re3 27. Qxe3 Nf5 28. Qf4 Qxd4 29. Qxd4 Nxd4 30. Nd2 Bb5 31. Bxb5 Nxb5 32. Rd1 Rc2 33. Nf3 Rxb2 34. Rxd5 Ra2 35. Rd1 b3 36. Rb1 b2 0-1

[Event "5e festival international d'échecs d'A"]
[Site "Allauch, France"]
[Date "2023.08.28"]
[Round "1.5"]
[White "Toth, Kincso"]
[Black "Petrosyan, Armen"]
[Result "0-1"]
[WhiteElo "1709"]
[BlackElo "2360"]
[PlyCount "98"]
[EventDate "2023.??.??"]
[TimeControl "1"]

1. e4 c6 2. Nf3 d5 3. d3 dxe4 4. dxe4 Qxd1+ 5. Kxd1 Nd7 6. Nfd2 Ngf6 7. f3 g5 8. a4 h5 9. Nc4 Bh6 10. Nc3 Nc5 11. Be3 Ne6 12. Ke1 g4 13.
Rd1 h4 14. Bxh6 Rxh6 15. Ne3 gxf3 16. gxf3 Nf4 17. Rg1 Rg6 18. Rxg6 fxg6 19. Bc4 Be6 20. Bxe6 Nxe6 21. Nc4 Rd8 22. Rxd8+ Kxd8 23. Ne5 g5 24. Kd2 Kc7 25. b3 Kd6 26. Nc4+ Kc5 27. Ne5 b5 28. axb5 cxb5 29. Ne2 a5 30. Nd3+ Kb6 31. Ne5 Kc5 32. Nd3+ Kc6 33. Ne5+ Kd6 34. Nf7+ Kc7 35. Ne5 Nd7 36. Nd3 Nec5 37. Nc3 Nxd3 38. Nd5+ Kd6 39. Kxd3 e6 40. Nc3 Kc5 41. Ne2 Ne5+ 42. Ke3 a4 43. bxa4 bxa4 44. Nc3 a3 45. Na2 Nc6 46. c3 Kc4 47. Kd2 Ne5 48. Ke3 Kb3 49. Nc1+ Kb2 0-1

[Event "5e festival international d'échecs d'A"]
[Site "Allauch, France"]
[Date "2023.08.28"]
[Round "1.6"]
[White "Feugier, Bruno"]
[Black "Personne, Solene"]
[Result "0-1"]
[WhiteElo "1175"]
[BlackElo "1542"]
[PlyCount "82"]
[EventDate "2023.??.??"]
[TimeControl "1"]

1. d4 Nf6 2. Bg5 Ne4 3. Bh4 d5 4. f3 Nf6 5. e3 e6 6. Bd3 c5 7. c3 Nc6 8. Ne2 Bd6 9. Nd2 e5 10. dxc5 Bxc5 11. Bf2 O-O 12. b4 Bb6 13. b5 Ne7 14. g4 e4 15. Bc2 exf3 16. Nd4 Bxg4 17. h3 Bh5 18. Rg1 Qc8 19. Rh1 Qxc3 20. Rc1 Qb4 21. Rb1 Qd6 22. Bf5 Qe5 23. N2xf3 Bxf3 24. Nxf3 Qxf5 25. Rb4 Ba5 26. a3 Bxb4+ 27. axb4 Ne4 28. Bh4 Ng6 29. Rf1 Nxh4 30. Nxh4 Qxh3 31. Nf5 Ng3 32. Rf3 Qh1+ 33. Kd2 Ne4+ 34. Kc1 Rac8+ 35. Kb2 Qg2+ 36. Ka1 Nc3 37. Ne7+ Kh8 38. Qb3 Qh1+ 39. Kb2 Qb1+ 40. Ka3 Qa1+ 41. Qa2 Qxa2# 0-1

[Event "5e festival international d'échecs d'A"]
[Site "Allauch, France"]
[Date "2023.08.28"]
[Round "1.7"]
[White "Anton, Christophe"]
[Black "Leonti, Denis"]
[Result "1/2-1/2"]
[WhiteElo "1455"]
[BlackElo "1158"]
[PlyCount "117"]
[EventDate "2023.??.??"]
[TimeControl "1"]

1. e4 e6 2. d4 d5 3. exd5 exd5 4. Nf3 Bf5 5. Bd3 Bxd3 6. Qxd3 Nf6 7. O-O Be7 8. Qb5+ c6 9. Qxb7 Nbd7 10. Qxc6 Rc8 11. Qa4 O-O 12. Bg5 Nb6 13. Qb3 Nc4 14. Ne5 Rb8 15. Qg3 Ne4 16. Bxe7 Nxg3 17. Bxd8 Nxf1 18. Nxc4 dxc4 19. Ba5 Nxh2 20. Kxh2 Rxb2 21. Na3 Rc8 22. Bc3 Rb6 23. Rb1 Rxb1 24. Nxb1 f6 25. Nd2 Kf7 26. f4 Ke6 27. g4 Kd5 28. Kg3 Re8 29. Kf3 Re1 30. Nxc4 Rf1+ 31. Ke2 Rxf4 32. Ne3+ Kc6 33. Bb2 Kd7 34. c4 g6 35. d5 h5 36. gxh5 gxh5 37. c5 h4 38. Nf1 h3 39. Bc1 Rf5 40. c6+ Kd6 41. Ne3 Rh5 42. Ng4 Rxd5 43. Nxf6 Kxc6 44. Ng4 Rh5 45. Nh2 Rg5 46. Kf1 Rg2 47. Nf3 Rxa2 48. Bf4 a5 49. Kg1 Rg2+ 50. Kh1 a4 51. Ng5 a3 52. Nxh3 Rg8 53.
Bc1 a2 54. Bb2 Rd8 55. Bf6 Rd1+ 56. Kg2 a1=Q 57. Bxa1 Rxa1 58. Kf2 Ra2+ 59. Kg1 1/2-1/2

[Event "5e festival international d'échecs d'A"]
[Site "Allauch, France"]
[Date "2023.08.28"]
[Round "1.8"]
[White "Takada, Soshiro"]
[Black "Barthel, Malo"]
[Result "1-0"]
[WhiteElo "1146"]
[BlackElo "1449"]
[PlyCount "41"]
[EventDate "2023.??.??"]
[TimeControl "1"]

1. e4 e5 2. Nf3 Nc6 3. Bb5 a6 4. Ba4 Nge7 5. O-O g6 6. d3 Bg7 7. Be3 O-O 8. c3 b5 9. Bb3 d5 10. exd5 Nxd5 11. d4 e4 12. Nfd2 Nxe3 13. fxe3 Qg5 14. Nxe4 Qxe3+ 15. Nf2 Na5 16. Bd5 Bb7 17. Bxb7 Nxb7 18. Nd2 Bh6 19. Nde4 Qf4 20. Ng4 Qxe4 21. Nf6+ 1-0

[Event "5e festival international d'échecs d'A"]
[Site "Allauch, France"]
[Date "2023.08.29"]
[Round "2.4"]
[White "Derige Kane, Yan"]
[Black "Kosteniuk, Kristina"]
[Result "1-0"]
[WhiteElo "2162"]
[BlackElo "1819"]
[PlyCount "65"]
[EventDate "2023.??.??"]
[TimeControl "1"]

1. e4 c5 2. Nf3 Nc6 3. d4 cxd4 4. Nxd4 Nf6 5. Nc3 e5 6.
Ndb5 d6 7. Bg5 a6 8. Na3 b5 9. Nab1 Rb8 10. Nd5 Be7 11. Bxf6 Bxf6 12. a4 bxa4 13. Rxa4 Rxb2 14. Bxa6 Bxa6 15. Rxa6 Nd4 16. Na3 O-O 17. O-O Bg5 18. f4 Qc8 19. Ra4 Qc5 20. Kh1 Bd8 21. fxe5 dxe5 22. Nc4 Rxc2 23. Nxe5 Nb3 24. Nd7 Qc6 25. Nxf8 Rc1 26. Qxc1 Nxc1 27. Ra7 Kxf8 28. Rfxf7+ Ke8 29. Rxg7 Qe6 30. Rxh7 Qg8 31. e5 Qf8 32. Nf6+ Bxf6 33. exf6 1-0

[Event "5e festival international d'échecs d'A"]
[Site "Allauch, France"]
[Date "2023.08.29"]
[Round "2.5"]
[White "Mzembaba, Nasser"]
[Black "Toth, Kincso"]
[Result "1/2-1/2"]
[WhiteElo "1556"]
[BlackElo "1709"]
[PlyCount "167"]
[EventDate "2023.??.??"]
[TimeControl "1"]

1. d4 d6 2. c4 e5 3. d5 Nf6 4. Nc3 Bf5 5. Bg5 Nbd7 6. e4 Bg6 7. f3 Be7 8. Qd2 c6 9. Be3 a6 10. a4 a5 11. Bd3 Rc8 12. Nge2 cxd5 13. cxd5 Nc5 14. Nc1 Nfd7 15. O-O O-O 16. Ra3 f5 17. Nb3 b6 18. Nxc5 Nxc5 19. exf5 Bxf5 20. Bxf5 Rxf5 21. Ne2 Rf6 22. b4 axb4 23. Qxb4 Rb8 24. Rb1 Rf8 25. Nc1 Bg5 26. Qd2 Bxe3+ 27. Qxe3 Rf4 28. Nd3 Rxa4 29. Rxa4 Nxa4 30. Nb4 Rb7 31. Ra1 b5 32. f4 exf4 33. Qxf4 Rf7 34. Qe3 Qf6 35. Qe8+ Rf8 36. Qe6+ Qxe6 37. dxe6 Re8 38. Re1 Nc5 39. e7 Kf7 40. Nd5 b4 41. Rf1+ Kg8 42. Nxb4 Rxe7 43. Rd1 Rd7 44. Kf2 Kf7 45. Nd3 Nxd3+ 46. Rxd3 Ke6 47. Ke3 d5 48. Rd4 Ke5 49. Rh4 h6 50. Rh5+ Ke6 51. Kd4 Rd8 52. h4 Ra8 53. Re5+ Kf6 54. Rxd5 Ra4+ 55. Ke3 Rxh4 56. Kf3 g5 57. Rb5 Rf4+ 58. Kg3 Kg6 59. Ra5 h5 60. Ra8 h4+ 61. Kh3 Rc4 62. Rg8+ Kf6 63. Rh8 Rc3+ 64. Kh2 Kf5 65. Rb8 Re3 66. Rf8+ Kg4 67. Rf2 Kh5 68. Rc2 Re4 69. Rb2 Rf4 70. Rc2 g4 71. Rc5+ Kg6 72. Rc2 Kf5 73. g3 hxg3+ 74. Kxg3 Rf3+ 75. Kg2 Rd3 76. Rc5+ Kf4 77. Rc4+ Kg5 78. Rc5+ Kh4 79. Rc2 Rg3+ 80. Kh2 Rf3 81. Kg2 Rf4 82. Rc3 Rd4 83. Rc2 g3 84. Rb2 1/2-1/2

[Event "5e festival international d'échecs d'A"]
[Site "Allauch, France"]
[Date "2023.08.29"]
[Round "2.6"]
[White "Personne, Solene"]
[Black "Nakle-Fambon, Gabriel"]
[Result "1-0"]
[WhiteElo "1542"]
[BlackElo "1256"]
[PlyCount "111"]
[EventDate "2023.??.??"]
[TimeControl "1"]

1. e4 e5 2. Nf3 Nc6 3. d4 exd4 4. Bc4 Bb4+ 5. c3 dxc3 6.
O-O Nf6 7. a3 Ba5 8. b4 Bb6 9. Nxc3 O-O 10. Bb2 Re8 11. Qb3 Re7 12. Rfe1 d6 13. Ng5 Ne5 14. Nd5 Nxd5 15. Bxd5 c6 16. Bxe5 cxd5 17. Bb2 h6 18. Nf3 dxe4 19. Qc3 f6 20. Qc4+ d5 21. Qe2 Kf8 22. Nd4 Bxd4 23. Bxd4 Bf5 24. Bc5 Rc8 25. Qh5 Be6 26. Rad1 b6 27. Bxe7+ Kxe7 28. f3 Qe8 29. Qh4 Kf7 30. fxe4 dxe4 31. Rxe4 Qc6 32. Rde1 Re8 33. Qh5+ Kf8 34. Qe2 Kf7 35. Qe3 a5 36. Rc1 Qd6 37. Rd4 Bd5 38. Qd2 Re5 39. bxa5 bxa5 40. Qxa5 Ke6 41. Rb1 Qd7 42. Rb6+ Kf5 43. Qb4 Re4 44. Rxe4 Bxe4 45. Rb5+ Bd5 46. a4 Ke6 47. Qc5 Bc6 48. Rb6 Qd1+ 49. Kf2 Qd2+ 50. Kg3 Qxg2+ 51. Kh4 Qxh2+ 52. Kg4 Qg2+ 53. Kh5 Qf3+ 54. Kg6 Qe4+ 55. Kxg7 Qg4+ 56. Kf8 1-0

[Event "5e festival international d'échecs d'A"]
[Site "Allauch, France"]
[Date "2023.08.29"]
[Round "2.7"]
[White "Gouiffes, Thierry"]
[Black "Carissan, Matteo"]
[Result "0-1"]
[WhiteElo "1252"]
[BlackElo "1440"]
[PlyCount "20"]
[EventDate "2023.??.??"]
[TimeControl "1"]

1. d4 e6 2. Nf3 c5 3. Bf4 Qb6 4. Nc3 cxd4 5. Nxd4 Bc5 6. e3 Qxb2 7. Rb1 Qxc3+ 8. Ke2 Bxd4 9. exd4 b6 10. Rb3 Ba6+ 0-1

[Event "5e festival international d'échecs d'A"]
[Site "Allauch, France"]
[Date "2023.08.29"]
[Round "2.8"]
[White "Bonchristiani, Pierre"]
[Black "Hurtevent, Michel"]
[Result "1-0"]
[WhiteElo "1416"]
[BlackElo "1228"]
[PlyCount "53"]
[EventDate "2023.??.??"]
[TimeControl "1"]

1. e4 e6 2. d4 d5 3. Nd2 Nf6 4. e5 Nfd7 5. f4 c5 6. c3 Nc6 7. Ndf3 a6 8. Be3 cxd4 9. cxd4 Qb6 10. b3 Bb4+ 11. Kf2 Qd8 12. Bd3 Ne7 13. Qc2 f6 14. g4 b5 15. h4 g6 16. h5 f5 17. hxg6 Nxg6 18.
gxf5 exf5 19. Bxf5 Ndf8 20. Ng5 Bxf5 21. Qxf5 Ne7 22. Qf7+ Kd7 23. Rc1 Rc8 24. e6+ Kd6 25. Ne2 h6 26. Qf6 hxg5 27. Qe5# 1-0

[Event "5e festival international d'échecs d'A"]
[Site "Allauch, France"]
[Date "2023.08.29"]
[Round "3.2"]
[White "Chaumet, Etienne"]
[Black "Petrosyan, Armen"]
[Result "1/2-1/2"]
[WhiteElo "2075"]
[BlackElo "2360"]
[PlyCount "82"]
[EventDate "2023.??.??"]
[TimeControl "1"]

1. e4 e5 2. Nf3 Nc6 3. Bb5 a6 4. Ba4 Nf6 5. O-O Be7 6. Re1 b5 7. Bb3 O-O 8. c3 d5 9. exd5 Nxd5 10. Nxe5 Nxe5 11. Rxe5 c6 12. d4 Bd6 13. Re1 Qh4 14. g3 Qh3 15. Be3 Bg4 16. Qd3 Rae8 17. Nd2 f5 18.
Qf1 Qh5 19. f4 Kh8 20. Bxd5 cxd5 21. a4 g5 22. axb5 axb5 23. fxg5 Rxe3 24. Rxe3 f4 25. gxf4 Bxf4 26. Rg3 Qxg5 27. Kh1 Qh6 28. Qg2 Bf5 29. Rg1 Bxg3 30. Qxg3 Re8 31. Qg5 Qxg5 32. Rxg5 Re1+ 33. Kg2 Re2+ 34. Kg3 Bg6 35. Nf1 Be4 36. Re5 Rg2+ 37. Kh4 Rxb2 38. Ne3 Rxh2+ 39. Kg3 Rd2 40. Nxd5 Bxd5 41. Rxd5 Rd3+ 1/2-1/2

[Event "5e festival international d'échecs d'A"]
[Site "Allauch, France"]
[Date "2023.08.29"]
[Round "3.4"]
[White "Moncamp, Gilles"]
[Black "Charvein, Gabriel"]
[Result "1/2-1/2"]
[WhiteElo "2103"]
[BlackElo "1993"]
[PlyCount "73"]
[EventDate "2023.??.??"]
[TimeControl "1"]

1. e4 e5 2. Nf3 d5 3. exd5 Nf6 4. Bb5+ Bd7 5. Qe2 Bd6 6. d4 e4 7. Bg5 O-O 8. Ne5 Bxe5 9. dxe5 Bxb5 10. Qxb5 Qxd5 11. Nc3 Qxb5 12. Nxb5 Nd5 13. O-O-O c6 14. Nd6 Nd7 15. Nxb7 Nxe5 16. Nd6 h6 17. Be3 Nxe3 18. fxe3 f5 19. h3 Rad8 20. Rd4 c5 21. Rd5 Nc4 22. Nxf5 Rxd5 23. Ne7+ Kh7 24. Nxd5 Rf2 25. g4 Re2 26. a4 Nxe3 27. Nxe3 Rxe3 28. Kd2 Rg3 29. Re1 Rxh3 30. Rxe4 Kg6 31. a5 Kf6 32. Rc4 h5 33.
gxh5 Rxh5 34. Ke3 Ke6 35. Rg4 g5 36. c3 Kd5 37. b4 1/2-1/2

[Event "5e festival international d'échecs d'A"]
[Site "Allauch, France"]
[Date "2023.08.29"]
[Round "3.5"]
[White "Toth, Kincso"]
[Black "Monneveux, Nicolas"]
[Result "1-0"]
[WhiteElo "1709"]
[BlackElo "1550"]
[PlyCount "81"]
[EventDate "2023.??.??"]
[TimeControl "1"]

1. e4 c6 2. Nf3 d5 3. d3 g6 4. Qe2 Bg7 5. g3 Bg4 6. Bg2 e5 7. exd5 cxd5 8.
h3 Bxf3 9. Qxf3 Ne7 10. Nc3 Qa5 11. Bd2 Qb6 12. Rb1 O-O 13.
Nxd5 Nxd5 14. Qxd5 Nc6 15. O-O Rad8 16. Qc4 Rc8 17. Qa4 a6 18. Be3 Qd8 19. Rfd1 Kh8 20. Kh2 Qe7 21. Re1 Nb8 22. f4 b5 23. Qb3 Qc7 24. c3 Nd7 25. Qd1 Rcd8 26. d4 Nb6 27. fxe5 Bxe5 28. Qf3 Bg7 29. Bf4 Qc8 30. Qf2 Nc4 31. Re2 Qd7 32. Rbe1 Rde8 33. b3 Nd6 34. Qf3 Rxe2 35. Rxe2 Rc8 36. Bxd6 Qxd6 37. Qxf7 Rf8 38. Re8 Rxe8 39. Qxe8+ Bf8 40. Qf7 Qa3 41. h4 1-0

[Event "5e festival international d'échecs d'A"]
[Site "Allauch, France"]
[Date "2023.08.29"]
[Round "3.6"]
[White "Rigat, Severin"]
[Black "Personne, Solene"]
[Result "0-1"]
[WhiteElo "1289"]
[BlackElo "1542"]
[PlyCount "96"]
[EventDate "2023.??.??"]
[TimeControl "1"]

1. e4 c5 2. Nf3 d6 3. Bb5+ Bd7 4. Bxd7+ Nxd7 5. d4 cxd4 6. Nxd4 Ngf6 7. Nc3 e5 8. Nf5 Nc5 9. Bg5 Ne6 10. Bxf6 Qxf6 11. Nxd6+ Bxd6 12. Qxd6 Rd8 13. Qb4 Qg5 14. Nd5 Rd7 15. O-O Nd4 16. Qa4 b5 17. Qa6 O-O 18. c3 Nf3+ 19. Kh1 Nh4 20. g3 Nf3 21. Qxb5 Rfd8 22. Kg2 Nd2 23. Rfd1 Nxe4 24. Qc4 Nd6 25. Qe2 e4 26. h4 Qe5 27. Ne3 f5 28. Nc4 Qb5 29. Rd4 Nf7 30. a4 Qa6 31. Rxd7 Rxd7 32. Kf1 Rd3 33. Ne3 Qe6 34. g4 fxg4 35. Qxg4 Qf6 36. Qxe4 Ne5 37. Ke2 Rd8 38. b4 Ng6 39. Rd1 Rf8 40. Ng4 Qxc3 41. Ne3 Qb2+ 42. Rd2 Qf6 43. Kd3 Nf4+ 44. Kc2 Rc8+ 45. Kb1 Qc3 46. Rc2 Qe1+ 47. Kb2 Rxc2+ 48. Nxc2 Qxe4 0-1

[Event "5e festival international d'échecs d'A"]
[Site "Allauch, France"]
[Date "2023.08.29"]
[Round "3.7"]
[White "Carissan, Matteo"]
[Black "Negre Albert, Oscar"]
[Result "0-1"]
[WhiteElo "1440"]
[BlackElo "1296"]
[PlyCount "110"]
[EventDate "2023.??.??"]
[TimeControl "1"]

1. e4 c5 2. Nc3 Nc6 3. g3 g6 4. Bg2 Bg7 5. d3 Nf6 6. f4 e5 7. Nf3 d5 8. fxe5 Ng4 9. Nxd5 Ngxe5 10. O-O O-O 11. Nxe5 Nxe5 12. Be3 b6 13. Qc1 Ng4 14. Bg5 Bd4+ 15. Kh1 f6 16. Be3 Nxe3 17. Nxe3 Bb7 18. c3 Be5 19. Qc2 Qc7 20. Rac1 Rad8 21. Rfd1 Qf7 22. Qa4 Bc8 23. d4 cxd4 24. cxd4 Bb8 25. Bf1 Qe7 26. d5 Bd7 27. Qc4 Rc8 28. d6+ Qe6 29. Qxe6+ Bxe6 30. Bc4 Bxc4 31. Rxc4 Rcd8 32. Rcd4 Rd7 33. Ng4 h5 34. e5 hxg4 35. e6 Rxd6 36. Rxd6 Bxd6 37. Rxd6 Re8 38. Kg1 Kf8 39. Kf2 Ke7 40. Rd7+ Kxe6 41. Rxa7 Kd5 42. Rb7 Re6 43. Rc7 Kd4 44. Rd7+ Kc4 45. Rd2 b5 46. Re2 Re5 47. Rxe5 fxe5 48. Ke3 Kd5 49. Kd3 e4+ 50. Ke3 g5 51. Kd2 Kd4 52. Ke2 e3 53. b3 b4 54. Ke1 Kd3 55. a4 bxa3 0-1

[Event "5e festival international d'échecs d'A"]
[Site "Allauch, France"]
[Date "2023.08.29"]
[Round "3.8"]
[White "Djiane, Alexandra"]
[Black "Bonchristiani, Pierre"]
[Result "0-1"]
[WhiteElo "1199"]
[BlackElo "1416"]
[PlyCount "48"]
[EventDate "2023.??.??"]
[TimeControl "1"]

1. Nf3 d5 2. d4 Nf6 3. g3 e6 4. Nc3 c5 5. Bg2 Be7 6. O-O Nc6 7. Bf4 O-O 8. e3 Ne4 9. Ne5 Nxc3 10. Nxc6 bxc6 11. bxc3 g5 12. Bxg5 Bxg5 13. dxc5 Kh8 14. Qd3 a5 15. c4 Ba6 16. Rfd1 Bxc4 17. Qa3 Bf6 18. Rac1 Qc7 19. c3 Rfb8 20. Rb1 Rxb1 21. Rxb1 Rb8 22. Rxb8+ Qxb8 23. e4 Qb1+ 24. Bf1 Qxf1# 0-1

[Event "5e festival international d'échecs d'A"]
[Site "Allauch, France"]
[Date "2023.08.30"]
[Round "4.2"]
[White "Petrosyan, Armen"]
[Black "Charvein, Gabriel"]
[Result "1-0"]
[WhiteElo "2360"]
[BlackElo "1993"]
[PlyCount "75"]
[EventDate "2023.??.??"]
[TimeControl "1"]

1. e4 c5 2. Nf3 e6 3. d4 cxd4 4. Nxd4 Nf6 5. Nc3 Nc6 6. Nxc6 bxc6 7. e5 Nd5 8. Ne4 Qc7 9. f4 Rb8 10. c4 Bb4+ 11. Ke2 O-O 12. cxd5 cxd5 13. Ng5 f6 14. exf6 Rxf6 15. Qd3 Rf5 16. Kd1 Bb7 17. Qc2 Qb6 18.
Bd3 Rxg5 19. fxg5 Qd4 20. Bd2 Bc6 21. Rc1 Qg4+ 22. Be2 Qxg2 23. Rf1 Bd6 24. b3 d4 25. Qd3 Qd5 26. Rxc6 dxc6 27. Qh3 Re8 28. Bd3 g6 29. Re1 Be5 30. Bc4 Qd6 31. Qf3 Kg7 32. h4 Rf8 33. Qe4 Rf5 34. h5 gxh5 35. Bd3 Qf8 36. Qxc6 Rf2 37. Qd7+ Rf7 38. Qxe6 1-0

[Event "5e festival international d'échecs d'A"]
[Site "Allauch, France"]
[Date "2023.08.30"]
[Round "4.3"]
[White "Pinto, Axel"]
[Black "Chaumet, Etienne"]
[Result "1-0"]
[WhiteElo "1837"]
[BlackElo "2075"]
[PlyCount "107"]
[EventDate "2023.??.??"]
[TimeControl "1"]

1. d4 Nf6 2. c4 e6 3. g3 d5 4. Nf3 Bb4+ 5. Bd2 Be7 6. Bg2 O-O 7. O-O c6 8. Qc2 Nbd7 9. Bf4 b6 10. Nbd2 Bb7 11. e4 dxe4 12. Nxe4 c5 13. Nd6 Bc6 14. dxc5 bxc5 15. Rad1 Qb6 16. Rd2 Rad8 17. Rfd1 h6 18. h4 Nh5 19. Be3 Ndf6 20. Nb5 Ng4 21. Rxd8 Rxd8 22. Rxd8+ Bxd8 23. Bd2 Bxb5 24. cxb5 c4 25. Bc3 Bf6 26. Bxf6 Nhxf6 27. a4 Nd5 28. Bh3 Ndf6 29. Bxg4 Nxg4 30. Qe2 Qc5 31. Nd2 Ne5 32. Qe3 Qb4 33. Qxe5 Qxd2 34. Qc3 Qd1+ 35. Kg2 Qxa4 36. Qe5 Kh7 37. Qe4+ f5 38. Qe5 a6 39. bxa6 Qxa6 40. Qc3 Qc6+ 41. Kg1 Qd5 42. Kf1 e5 43. Ke2 e4 44. Ke1 Qd3 45. Qe5 Qd7 46. g4 g6 47. h5 Qf7 48. hxg6+ Kxg6 49. gxf5+ Qxf5 50. Qe8+ Kg7 51. Qe7+ Kg6 52. Qe8+ Kg5 53. Qg8+ Kf4 54. Qg3# 1-0

[Event "5e festival international d'échecs d'A"]
[Site "Allauch, France"]
[Date "2023.08.30"]
[Round "4.5"]
[White "Goncalves, Maxim"]
[Black "Toth, Kincso"]
[Result "0-1"]
[WhiteElo "1777"]
[BlackElo "1709"]
[PlyCount "56"]
[EventDate "2023.??.??"]
[TimeControl "1"]

1. d4 Nf6 2. g3 d6 3. Bg2 Nbd7 4. Nf3 e5 5. O-O Be7 6. c4 c6 7. Nc3 a6 8. Qc2 Rb8 9. Rd1 Qc7 10. b3 O-O 11. Bb2 Re8 12. Rac1 Bf8 13.
dxe5 dxe5 14. Ne4 g6 15. Rd2 Nxe4 16. Qxe4 Bh6 17. e3 Bg7 18. Ba3 Nf6 19. Qh4 e4 20. Bd6 Qa5 21. Rcd1 exf3 22. Bxb8 fxg2 23. Kxg2 h6 24. Qf4 Ne4 25. Rc2 Bh3+ 26. Kg1 g5 27. Qc7 Qf5 28. f4 Nxg3 0-1

[Event "5e festival international d'échecs d'A"]
[Site "Allauch, France"]
[Date "2023.08.30"]
[Round "4.6"]
[White "Personne, Solene"]
[Black "Hoang Villemagne, Mathieu"]
[Result "0-1"]
[WhiteElo "1542"]
[BlackElo "1350"]
[PlyCount "48"]
[EventDate "2023.??.??"]
[TimeControl "1"]

1. e4 e5 2. Nf3 Nc6 3. d4 exd4 4. Bc4 Bc5 5. Ng5 Nh6 6.
Nxf7 Nxf7 7. Bxf7+ Kxf7 8. Qh5+ g6 9. Qxc5 d5 10. O-O dxe4 11.
c3 Qd6 12. Qc4+ Be6 13. Qe2 Bd5 14. cxd4 Nxd4 15. Qd2 c5 16. b4 Bc4 17. bxc5 Qxc5 18. Re1 Ne2+ 19. Kh1 Rad8 20. Qc2 b5 21. Be3 Qe5 22. Nd2 Rd5 23. Nxc4 Qxh2+ 24. Kxh2 Rh5# 0-1

[Event "5e festival international d'échecs d'A"]
[Site "Allauch, France"]
[Date "2023.08.30"]
[Round "4.7"]
[White "Bonchristiani, Pierre"]
[Black "Proud'Hon, Gabriel"]
[Result "1/2-1/2"]
[WhiteElo "1416"]
[BlackElo "1340"]
[PlyCount "103"]
[EventDate "2023.??.??"]
[TimeControl "1"]

1. e4 c5 2. Nf3 d6 3. Bb5+ Nd7 4. c4 Ngf6 5. Nc3 g6 6. d4 cxd4 7. Nxd4 Bg7 8. f3 O-O 9. Be3 Nb6 10. Qd2 a6 11. Ba4 Nxc4 12. Qe2 Nxe3 13. Qxe3 b5 14. Bb3 Bb7 15. O-O-O Nd7 16. h4 Nc5 17. Bc2 Rc8 18. h5 b4 19. Nce2 Qb6 20. b3 Qa5 21. Kb1 Qa3 22. hxg6 fxg6 23. Rh3 Na4 24. Qc1 Qxc1+ 25. Rxc1 Nc3+ 26. Nxc3 Bxd4 27. Ne2 Be3 28. Rch1 Rf7 29. Bd3 e6 30. f4 Bb6 31. Ng3 Rcc7 32. f5 gxf5 33.
exf5 Bxg2 34. fxe6 Rfe7 35. Nf5 Bxh3 36. Nxe7+ Rxe7 37. Rxh3 d5 38. Bf5 Rg7 39. Bxh7+ Kf8 40. Rh1 Ke7 41. Bf5 Kf6 42. Rf1 Rg1 43. Rxg1 Bxg1 44. Bh3 Bc5 45. Kc2 Ke5 46. Kd3 a5 47. Bg4 Kf4 48. Bh5 Ke5 49. Bf7 Be7 50. Bg8 Kd6 51. Bf7 Kc5 52. Be8 1/2-1/2

[Event "5e festival international d'échecs d'A"]
[Site "Allauch, France"]
[Date "2023.08.30"]
[Round "4.8"]
[White "Touzet, Cassien"]
[Black "Omelchenko, Danila"]
[Result "1/2-1/2"]
[WhiteElo "1389"]
[BlackElo "1199"]
[PlyCount "120"]
[EventDate "2023.??.??"]
[TimeControl "1"]

1. e4 Nf6 2. Nc3 d5 3. exd5 Nxd5 4. Bc4 Nb6 5. Bb3 c5 6. d3 Nc6 7. Nf3 e5 8. Ng5 c4 9. dxc4 Qxd1+ 10. Nxd1 Nd4 11. Be3 Nxb3 12. cxb3 f6 13. Nf3 Bg4 14. Nc3 Bb4 15. O-O Bxf3 16. gxf3 f5 17. Bxb6 Bxc3 18. bxc3 axb6 19. Rfe1 Ra5 20. b4 Ra3 21. Rxe5+ Kd7 22. Rxf5 g6 23. Rd1+ Kc8 24. Rb5 Rxc3 25. c5 bxc5 26. Rxc5+ Rxc5 27. bxc5 Kc7 28. Kg2 Kc6 29. Rc1 Ra8 30. Rc2 Kd5 31. Kg3 Ke5 32. Rb2 Ra7 33. Kg4 h6 34. f4+ Kf6 35. Rb6+ Kf7 36. h4 Rxa2 37. Rxb7+ Kf6 38. Rb6+ Kg7 39. f3 h5+ 40. Kg3 Rc2 41. Rc6 Kf7 42. f5 gxf5 43. Kf4 Rc3 44. Kxf5 Rxf3+ 45. Kg5 Ke7 46. Kxh5 Kd7 47. Rg6 Rf5+ 48. Rg5 Rf6 49. Rg7+ Ke8 50. Kg4 Rc6 51. Rg5 Kf7 52. h5 Kf8 53. Re5 Kf7 54. Kf4 Kg7 55. Ke4 Kf6 56. Kd5 Rxc5+ 57. Kxc5 Kxe5 58. h6 Kf6 59. h7 Kg7 60. h8=Q+ Kxh8 1/2-1/2

[Event "5e festival international d'échecs d'A"]
[Site "Allauch, France"]
[Date "2023.08.30"]
[Round "5.1"]
[White "Petrosyan, Armen"]
[Black "Derige Kane, Yan"]
[Result "1-0"]
[WhiteElo "2360"]
[BlackElo "2162"]
[PlyCount "55"]
[EventDate "2023.??.??"]
[TimeControl "1"]

1. e4 c6 2. d4 d5 3. e5 Bf5 4. Nf3 e6 5. Be2 c5 6. Be3 Qb6 7. Nc3 Qxb2 8.
Qb1 Qxc2 9. Qb5+ Nd7 10. Rc1 a6 11. Qxb7 Rb8 12. Qxb8+ Nxb8 13. Rxc2 Bxc2 14. dxc5 Ne7 15. Nd4 Bg6 16. f4 Nc8 17. f5 exf5 18.
c6 Bc5 19. c7 Nd7 20. Bxa6 O-O 21. Nc6 Bxe3 22. Nxd5 Ncb6 23. Nxe3 Kh8 24. Nd5 f4 25. Nb8 Nxb8 26. Nxb6 Bf5 27. Bb7 Re8 28. O-O 1-0

[Event "5e festival international d'échecs d'A"]
[Site "Allauch, France"]
[Date "2023.08.30"]
[Round "5.3"]
[White "Moncamp, Gilles"]
[Black "Massardo, Quentin"]
[Result "1/2-1/2"]
[WhiteElo "2103"]
[BlackElo "1990"]
[PlyCount "56"]
[EventDate "2023.??.??"]
[TimeControl "1"]

1. e4 e5 2. Nf3 Nf6 3. Nxe5 d6 4. Nf3 Nxe4 5. Nc3 Nxc3 6.
dxc3 Be7 7. Be3 c5 8. Bc4 Nc6 9. Qd2 O-O 10. h4 Rb8 11. h5 b5 12. Bd5 Ne5 13. Nxe5 dxe5 14. h6 g6 15. O-O Rb6 16. Bf3 Qxd2 17. Bxd2 g5 18. Rfe1 f6 19. Be3 Bb7 20. Bxb7 Rxb7 21. Rad1 Kf7 22. Rd5 Ke6 23. Red1 Rc8 24. g4 Rc6 25. Kg2 Rd6 26. Rxd6+ Bxd6 27. Kf3 c4 28. Ke4 a6 1/2-1/2

[Event "5e festival international d'échecs d'A"]
[Site "Allauch, France"]
[Date "2023.08.30"]
[Round "5.4"]
[White "Figier, Anthony"]
[Black "Metras, Dominique"]
[Result "1-0"]
[WhiteElo "1991"]
[BlackElo "1767"]
[PlyCount "69"]
[EventDate "2023.??.??"]
[TimeControl "1"]

1. d4 Nf6 2. c4 g6 3. Nf3 Bg7 4. Nc3 d5 5. Bg5 Ne4 6. Bf4 Nxc3 7. bxc3 dxc4 8.
Qa4+ Nd7 9. Qxc4 c6 10. e3 O-O 11. Be2 Qa5 12. O-O Nb6 13.
Qb3 Nd5 14. Rac1 Nxf4 15. exf4 b5 16. Ne5 Bxe5 17. fxe5 Be6 18. c4 Rfd8 19. Rfd1 a6 20. h4 Rab8 21. Qc2 Rbc8 22. h5 Kg7 23.
Qb2 Rb8 24. Qa1 Qa4 25. Qc3 b4 26. Qb3 Qa5 27. Bf3 Qb6 28.
d5 cxd5 29. cxd5 Bd7 30. Qb2 e6 31. d6 Rdc8 32. Qd2 h6 33.
hxg6 fxg6 34. Rc7 Qb5 35. Rdc1 1-0